 Dungeon Crawl Stone Soup version 0.22.1-1-ga44c0e56f4 (webtiles) character file.

18 Jynx the Insei (level 2, -2/18 HPs)
             Began as an Octopode Transmuter on Nov 3, 2018.
             Slain by a bullfrog skeleton (6 damage)
             ... on level 2 of the Dungeon.
             The game lasted 00:02:33 (897 turns).

Jynx the Insei (Octopode Transmuter)                 Turns: 897, Time: 00:02:34

Health: -2/18      AC:  1    Str:  9    XL:     2   Next: 66%
Magic:  4/5        EV: 13    Int: 15    God:
Gold:   73         SH:  0    Dex: 12    Spells: 2/5 levels left

rFire    . . .     SeeInvis .     - Unarmed
rCold    . . .     Gourm    .   (no shield)
rNeg     . . .     Faith    .   (helmet restricted)
rPois    .         Spirit   .   i - amulet of harm
rElec    .         Reflect  .   (no ring)
rCorr    .         Harm     +   (no ring)
MR       .....                  (no ring)
Stlth    ++........             (no ring)
HPRegen  0.06/turn              (no ring)
MPRegen  0.09/turn              (no ring)
                                (no ring)
                                (no ring)

@: appendage
A: almost no armour, stealthy swim, amphibious, 8 rings, constrict 8, tentacle
spike 3, camouflage 1, gelatinous body 1
a: End Transformation


You were on level 2 of the Dungeon.
You were not hungry.
One of your tentacles had a temporary spike.
You visited 1 branch of the dungeon, and saw 2 of its levels.

You collected 73 gold pieces.

Inventory:

Missiles
 a - 33 arrows
Jewellery
 i - an amulet of harm (around mantle)
Scrolls
 d - a scroll of random uselessness {unknown}
 f - a scroll of teleportation {unknown}
 h - a scroll of remove curse
Potions
 e - a potion of might {unknown}
Comestibles
 c - a ration
 g - 5 chunks of flesh


   Skills:
 - Level 1.0 Fighting
 + Level 2.3 Dodging
 - Level 3.0 Unarmed Combat
 + Level 2.2 Spellcasting
 * Level 2.6 Transmutations


You had 2 spell levels left.
You knew the following spells:

 Your Spells              Type           Power        Failure   Level  Hunger
a - Beastly Appendage     Tmut           #.....       8%          1    #......
b - Sticks to Snakes      Tmut           #.......     11%         2    ###....

Your spell library contained the following spells:

 Spells                   Type           Power        Failure   Level  Hunger
 Spider Form              Tmut/Pois      #.........   36%         3    ###....
 Ice Form                 Ice/Tmut       #.......     77%         4    #####..
 Blade Hands              Tmut           #.........   90%         5    ######.


Dungeon Overview and Level Annotations

Branches:
Dungeon (2/15)

Altars:


Innate Abilities, Weirdness & Mutations

You cannot wear most types of armour.
You are very stealthy in the water. (Stealth+)
You are amphibious.
You can wear up to eight rings at the same time.
You can use your tentacles to constrict eight enemies at once.
Your skin changes colour to match your surroundings (Stealth+).
Your rubbery body absorbs attacks. (AC +1, EV +1)
One of your tentacles bears a large vicious spike.


Message History

You tentacle-slap the bullfrog skeleton.
Your grab misses the bullfrog skeleton.
You pierce the bullfrog skeleton.
The bullfrog skeleton is moderately damaged.
The bullfrog skeleton hits you!
You tentacle-slap the bullfrog skeleton.
Your grab misses the bullfrog skeleton.
You pierce the bullfrog skeleton.
You squeeze the bullfrog skeleton.
The bullfrog skeleton is severely damaged.
The bullfrog skeleton completely misses you.
The bullfrog skeleton hits you.
* * * LOW HITPOINT WARNING * * *
You tentacle-slap the bullfrog skeleton.
You grab the bullfrog skeleton.
The bullfrog skeleton is severely damaged.
You constrict the bullfrog skeleton.
The bullfrog skeleton barely misses you.
You completely miss the bullfrog skeleton.
The bullfrog skeleton is severely damaged.
You constrict the bullfrog skeleton. The bullfrog skeleton hits you.
You die...

#.#
############.#
#......).....#
#......##.##.#
#......##.##.##
#......##.....#
#......#####.)#
###.##........#
#@#########.#
......Z......#
#.#
###...###.##.#
#.# ......
.##.####.##
.....
.........####
.....
##.##.......#
.... #.......##
#### #........#
#.........


You could see a bullfrog skeleton.

Vanquished Creatures
  2 giant cockroaches
  4 goblins
  4 bats
  2 frilled lizards (D:1)
  2 kobolds (D:1)
  4 rats (D:1)
18 creatures vanquished.

Notes
Turn   | Place    | Note
-------+----------+-------------------------------------------
     0 | D:1      | Jynx the Octopode Transmuter began the quest for the Orb.
     0 | D:1      | Reached XP level 1. HP: 13/13 MP: 3/3
   142 | D:1      | Reached XP level 2. HP: 9/18 MP: 3/5
   292 | D:1      | Learned a level 2 spell: Sticks to Snakes
   897 | D:2      | Slain by a bullfrog skeleton

Action                   || total
-------------------------++-------
Melee: Unarmed           ||    34
       Kick              ||    11
       Constrict         ||    10
       Tentacles         ||     5
 Cast: Beastly Appendage ||    13
  Use: Scroll            ||     3
 Stab: Sleeping          ||     3
       Distracted        ||     1
Armor: Skin              ||     3
Dodge: Dodged            ||    23
